[Event "Titled Tuesday Blitz November 9 2021"]
[White "Siva Mahadevan"]
[Black "Holt, Conrad"]
[WhiteFideId "25043153"]
[BlackFideId "2034387"]
[WhiteElo "2203"]
[BlackElo "2586"]
[Result "1-0"]
[Round "10"]
[TimeControl "180+1"]
[Date "2021.11.09"]
[WhiteClock "0:00:11"]
[BlackClock "0:00:02"]

1. e4 e6 2. d4 d5 3. Nd2 c5 4. exd5 Qxd5 5. dxc5 Qxc5 6. Ngf3 Nf6 7. Bd3 Nbd7 8. O-O Qc7 9. Qe2 Be7 10. b3 O-O 11. Bb2 Nd5 12. g3 Nc3 13. Qe3 Bf6 14. Rae1 g6 15. Nd4 Qc5 16. N2f3 Nb6 17. Bxc3 Qxc3 18. Nb5 Qb4 19. c4 Bd7 20. Nbd4 Rfd8 21. Ne5 Be8 22. Ndf3 Nd7 23. Nxd7 Rxd7 24. Be4 Rad8 25. h4 b6 26. h5 Qc5 27. Qf4 Bc3 28. Re3 Bg7 29. Kg2 Rd1 30. Rxd1 Rxd1 31. Qb8 Qe7 32. hxg6 hxg6 33. Qf4 Rd8 34. a4 Qd6 35. Qh4 f5 36. Rd3 fxe4 37. Rxd6 exf3+ 38. Kxf3 Rxd6 39. Qe7 Bc6+ 40. Ke2 Bf8 41. Qxa7 e5 42. Qb8 Re6 43. Ke3 Kf7 44. Qc7+ Kf6 45. f3 Bc5+ 46. Ke2 Rd6 47. a5 bxa5 48. Qxa5 Bd4 49. b4 Rd7 50. b5 Bb7 51. Qb4 Ke6 52. c5 Bd5 53. c6 Rf7 54. f4 Kf5 55. g4+ Kxf4 56. Qd6 Bf3+ 57. Kd3 Bxg4 58. c7 Bf5+ 59. Kc4 Ke3 60. Qc6 Bd3+ 61. Kb4 Bf5 62. c8=Q Bxc8 63. Qxc8 Rf6 64. Qg4 e4 65. Kc4 Rf3 66. Qxg6 Bb2 67. Qg5+ Ke2 68. Qg2+ Rf2 69. Qxe4+ Kd2 70. Qd3+ Kc1 71. Qe3+ Rd2 72. Kb3 Bd4 73. Qe1+ Rd1 74. Qe2 Rd2 75. Qc4+ Kd1 76. Qf1# 1-0


[Site "https://www.chess.com"]

[Event "Titled Tuesday Blitz November 9 2021"]
[White "Svane, Rasmus"]
[Black "Mammadov, Zaur"]
[WhiteFideId "4657101"]
[BlackFideId "13401033"]
[WhiteElo "2643"]
[BlackElo "2417"]
[Result "0-1"]
[Round "10"]
[TimeControl "180+1"]
[Date "2021.11.09"]
[WhiteClock "0:00:28"]
[BlackClock "0:00:50"]

1. Nf3 d5 2. g3 Nf6 3. Bg2 g6 4. O-O Bg7 5. c4 c6 6. b3 Ne4 7. d4 O-O 8. Bb2 a5 9. Nc3 Nxc3 10. Bxc3 a4 11. Re1 Bf5 12. Nh4 Be6 13. Qc2 dxc4 14. bxa4 Na6 15. Red1 f5 16. Rab1 Qc8 17. Nf3 Nc7 18. Nd2 Bd5 19. f3 Ne6 20. Nf1 c5 21. e4 fxe4 22. fxe4 Nxd4 23. Bxd4 cxd4 24. exd5 d3 25. Qc1 Qc5+ 26. Kh1 Rf2 27. Rxd3 Raf8 28. Rd2 c3 29. Rxf2 Rxf2 30. Qe3 Rxf1+ 31. Rxf1 Qxe3 32. Bh3 Bf6 33. Bg2 c2 34. h4 0-1


[Site "https://www.chess.com"]

[Event "Titled Tuesday Blitz November 9 2021"]
[White "Tarhan, Adar"]
[Black "Rostovtsev, Dmitry"]
[WhiteFideId "34544712"]
[BlackFideId "34278320"]
[WhiteElo "1802"]
[BlackElo "2253"]
[Result "0-1"]
[Round "10"]
[TimeControl "180+1"]
[Date "2021.11.09"]
[WhiteClock "0:00:06"]
[BlackClock "0:00:14"]

1. e4 e5 2. Nf3 Nc6 3. Bb5 a6 4. Bxc6 dxc6 5. O-O f6 6. d4 exd4 7. Nxd4 c5 8. Nb3 Qxd1 9. Rxd1 Be6 10. Be3 b6 11. Nc3 Ne7 12. f3 g6 13. Rd2 Bg7 14. Rad1 Kf7 15. Ne2 f5 16. Nf4 Bxb2 17. Nxe6 Kxe6 18. Rd7 Be5 19. Bg5 Rae8 20. R7d2 fxe4 21. fxe4 Nc6 22. Rd5 h6 23. Be3 g5 24. c4 Rhf8 25. Rd7 Rf7 26. R7d5 Bd6 27. Nd2 Ne5 28. Rf1 Ng4 29. Rxf7 Kxf7 30. Bf2 Bxh2+ 31. Kf1 Bd6 32. Ke2 Nf6 33. Rf5 Kg6 34. Kd3 Nxe4 35. Rd5 Nxf2+ 36. Kc2 Ne4 37. Nf3 Nf6 38. Rd3 Re4 39. Kb3 g4 40. Nd2 Rd4 41. Rxd4 cxd4 42. Nb1 c5 43. a4 a5 44. Na3 h5 45. Nc2 Bb8 46. g3 Bxg3 47. Na3 Bb8 48. Nb5 h4 49. Kc2 h3 50. Kd3 h2 51. Ke2 h1=Q 52. Kd2 Qf3 53. Kc1 Nd5 54. Kb1 Qb3+ 55. Ka1 Nb4 56. Nc3 Qxc3+ 57. Kb1 Qc2+ 58. Ka1 Qc1# 0-1


[Site "https://www.chess.com"]

[Event "Titled Tuesday Blitz November 9 2021"]
[White "Tari, Aryan"]
[Black "Khusnutdinov, Rustam"]
[WhiteFideId "1510045"]
[BlackFideId "13701703"]
[WhiteElo "2656"]
[BlackElo "2571"]
[Result "0-1"]
[Round "10"]
[TimeControl "180+1"]
[Date "2021.11.09"]
[WhiteClock "0:00:14"]
[BlackClock "0:00:16"]

1. e4 e5 2. Nf3 Nf6 3. Nc3 Bb4 4. Nxe5 O-O 5. Be2 Re8 6. Nd3 Bxc3 7. dxc3 Nxe4 8. O-O d6 9. Re1 Nd7 10. Bf3 Ndf6 11. h3 b6 12. Bf4 Bb7 13. c4 Qd7 14. c3 Re7 15. Bh2 Rae8 16. Qc2 Qc8 17. Nf4 Ng5 18. Be2 Be4 19. Qd2 Qb7 20. Bf1 h6 21. h4 Ngh7 22. f3 Bc6 23. Rxe7 Rxe7 24. Re1 Re8 25. Rxe8+ Bxe8 26. Bd3 Qc6 27. Bg3 Nf8 28. Qe2 N8d7 29. Nd5 Qb7 30. Qe7 Qb8 31. Bf5 Nxd5 32. cxd5 Nf6 33. c4 b5 34. b3 a5 35. c5 Nxd5 36. Qe4 Nf6 37. Qd4 Qa7 38. Bf2 dxc5 39. Qd8 Qb6 40. Bg3 c4+ 41. Kh2 cxb3 42. axb3 Qc5 43. Be4 a4 44. bxa4 bxa4 45. Bxc7 a3 46. Bd6 Qd4 47. Bb1 Qxh4+ 48. Kg1 Qe1+ 49. Kh2 Qxb1 50. Qe7 a2 0-1


[Site "https://www.chess.com"]

[Event "Titled Tuesday Blitz November 9 2021"]
[White "Tillyaev, Ulugbek"]
[Black "Csonka, Balazs"]
[WhiteFideId "14202441"]
[BlackFideId "742910"]
[WhiteElo "2341"]
[BlackElo "2404"]
[Result "1/2-1/2"]
[Round "10"]
[TimeControl "180+1"]
[Date "2021.11.09"]
[WhiteClock "0:01:29"]
[BlackClock "0:00:03"]

1. d4 Nf6 2. c4 e6 3. Nc3 d5 4. cxd5 Nxd5 5. Nxd5 Qxd5 6. Nf3 c5 7. Be3 cxd4 8. Qxd4 Qxd4 9. Bxd4 Bb4+ 10. Nd2 O-O 11. Rc1 Nc6 12. Bc3 Bd7 13. e3 Rac8 14. Bd3 Ne5 15. Be4 Bxc3 16. Rxc3 Rxc3 17. bxc3 Bb5 18. Nb3 Nd3+ 19. Bxd3 Bxd3 20. Kd2 Rd8 21. Kc1 Bc4 22. Kc2 Kf8 23. h4 Ke7 24. h5 h6 25. Rh4 Bd5 26. f3 b6 27. Rg4 Kf8 28. a4 f6 29. a5 e5 30. axb6 axb6 31. Nd2 Ra8 32. Rb4 Ra6 33. c4 Be6 34. Kb2 Ke7 35. Ne4 Kd7 36. c5 Ra2+ 37. Kc3 Ra3+ 38. Kb2 Ra2+ 39. Kb1 Rxg2 40. cxb6 Bd5 41. b7 Bxb7 42. Rxb7+ Kc6 43. Rf7 Kd5 44. Kc1 Ke6 45. Ra7 f5 46. Nc5+ Kd5 47. Nd3 Rg3 48. Kd2 Rxf3 49. Rxg7 f4 50. exf4 exf4 51. Rg6 Ke4 52. Nc5+ Kf5 53. Rxh6 Rh3 54. Rh8 Kg5 55. Ne6+ Kf5 56. Nd4+ Kg5 57. Ke2 Rxh5 58. Ne6+ Kg4 59. Rg8+ Kh4 60. Kf3 Ra5 61. Rh8+ Rh5 62. Rg8 Ra5 63. Rg4+ Kh5 64. Nxf4+ Kh6 65. Rg6+ Kh7 66. Kg4 Ra4 67. Rd6 Kg7 68. Kf5 Ra5+ 69. Nd5 Ra1 70. Rd7+ Kh6 71. Nf4 Ra5+ 72. Kf6 Ra6+ 73. Ne6 Ra1 74. Kf5 Ra5+ 75. Kg4 Ra4+ 76. Nf4 Rb4 77. Rd6+ Kg7 78. Kg5 Rb5+ 79. Nd5 Kf7 80. Kf5 Rb1 81. Rd7+ Kf8 82. Nf4 Rf1 83. Ra7 Ke8 84. Ke5 Re1+ 85. Kd6 Rd1+ 86. Nd5 Kf8 87. Ke6 Re1+ 88. Kf5 Rf1+ 89. Nf4 Ke8 90. Ke5 Re1+ 91. Kd5 Rd1+ 92. Ke6 Re1+ 93. Kf6 Rf1 94. Ra4 Kd7 95. Rd4+ Kc6 96. Ke5 Re1+ 97. Kf5 Rf1 98. Ke4 Re1+ 99. Kf3 Rf1+ 100. Ke2 Rh1 101. Ne6 Rh2+ 102. Kd3 Rh6 103. Nd8+ Kc7 104. Nf7 Rf6 105. Rc4+ Kd7 106. Ne5+ Ke6 107. Ke4 Rf1 108. Rc6+ Ke7 109. Ng6+ Kd7 110. Ne5+ Ke7 111. Rh6 Re1+ 112. Kf4 Rf1+ 113. Nf3 Kd7 114. Ke4 1/2-1/2


[Site "https://www.chess.com"]

[Event "Titled Tuesday Blitz November 9 2021"]
[White "Tologon tegin, Semetei"]
[Black "Murzin, Volodar"]
[WhiteFideId "13800574"]
[BlackFideId "44155573"]
[WhiteElo "2224"]
[BlackElo "2481"]
[Result "0-1"]
[Round "10"]
[TimeControl "180+1"]
[Date "2021.11.09"]
[WhiteClock "0:00:07"]
[BlackClock "0:00:04"]

1. e4 c6 2. d4 d5 3. e5 Bf5 4. h4 h5 5. Nf3 e6 6. Be2 Ne7 7. c4 c5 8. Nc3 dxc4 9. dxc5 Nbc6 10. Qxd8+ Rxd8 11. Nb5 Nd5 12. Bxc4 Bxc5 13. Bg5 Bb4+ 14. Ke2 Be7 15. Rhd1 Bg4 16. Bxd5 exd5 17. Nc7+ Kf8 18. Bxe7+ Kxe7 19. Nxd5+ Ke6 20. Nc7+ Kf5 21. Nb5 Nxe5 22. Nd4+ Kf6 23. Ke3 Rhe8 24. Kf4 Nc4 25. b3 Nd6 26. Re1 g6 27. Ng5 Rxe1 28. Rxe1 Nf5 29. Nxf5 Bxf5 30. Re2 Rd4+ 31. Ne4+ Ke6 32. f3 Kd5 33. Rd2 Bxe4 34. fxe4+ Kc5 35. Rc2+ Kd6 36. Rc8 Kd7 37. Rf8 Ke7 38. Rb8 Rb4 39. Ke5 a5 40. Ra8 Rb5+ 41. Kd4 Kf6 42. g3 b6 43. Kc4 Rb4+ 44. Kd5 Rb5+ 45. Kd4 Ke7 46. Rb8 Rb4+ 47. Kd5 Kf6 48. Rb7 a4 49. e5+ Kg7 50. e6 axb3 51. Rxf7+ Kg8 52. axb3 Rxb3 53. Ke5 Re3+ 54. Kf6 Rf3+ 55. Ke7 Rxg3 56. Rf8+ Kg7 57. Ke8 Re3 58. e7 b5 59. Rf4 Kg8 60. Rb4 Re5 61. Rd4 g5 62. hxg5 Kg7 63. Kd7 Kf7 64. g6+ Kxg6 65. e8=Q+ Rxe8 66. Kxe8 Kg5 67. Ke7 h4 68. Ke6 h3 69. Ke5 h2 70. Rd1 Kg4 71. Ke4 Kg3 72. Rb1 Kg2 73. Rb2+ Kg3 74. Rb1 Kg2 75. Kf4 h1=Q 76. Rb2+ Kh3 77. Rb3+ Kh4 78. Rxb5 Qf1+ 0-1


[Site "https://www.chess.com"]

[Event "Titled Tuesday Blitz November 9 2021"]
[White "Vakhlamov, Igor L."]
[Black "Sellitti, Federico"]
[WhiteFideId "24126748"]
[BlackFideId "821829"]
[WhiteElo "2416"]
[BlackElo "2611"]
[Result "0-1"]
[Round "10"]
[TimeControl "180+1"]
[Date "2021.11.09"]
[WhiteClock "0:00:04"]
[BlackClock "0:00:13"]

1. e4 c5 2. Nf3 Nf6 3. e5 Nd5 4. g3 Nc6 5. Bg2 Qc7 6. Qe2 g6 7. Nc3 Nxc3 8. dxc3 Bg7 9. Bf4 O-O 10. O-O b6 11. Rad1 e6 12. h4 Bb7 13. Rfe1 Ne7 14. h5 h6 15. c4 g5 16. Bc1 f5 17. exf6 Bxf6 18. Nh2 Bxg2 19. Kxg2 Nf5 20. c3 Rae8 21. Ng4 Bg7 22. Qe4 d6 23. Rd3 Qf7 24. Rh1 b5 25. b3 bxc4 26. bxc4 Rb8 27. Rf3 d5 28. cxd5 exd5 29. Qd3 d4 30. cxd4 Qd5 31. dxc5 Nd4 32. Nh2 g4 33. Rd1 gxf3+ 34. Kh1 Qxh5 35. Be3 Qh3 36. Qf1 Qxf1+ 37. Nxf1 Nf5 38. Bf4 Rbd8 39. Rc1 Nd4 40. c6 Ne2 41. Rb1 Nxf4 42. gxf4 Rc8 43. Ne3 Rxc6 44. Kh2 Rxf4 45. Rb8+ Kh7 46. Rb7 Rg6 47. Rxa7 Rh4# 0-1


[Site "https://www.chess.com"]

[Event "Titled Tuesday Blitz November 9 2021"]
[White "Vasquez Schroeder, Rodrigo"]
[Black "Ibrahimli, Murad"]
[WhiteFideId "3400042"]
[BlackFideId "13410229"]
[WhiteElo "2568"]
[BlackElo "2109"]
[Result "1-0"]
[Round "10"]
[TimeControl "180+1"]
[Date "2021.11.09"]
[WhiteClock "0:00:04"]
[BlackClock "0:00:05"]

1. d4 d5 2. c4 c6 3. Nc3 Nf6 4. e3 a6 5. Qc2 Bg4 6. b3 e6 7. Bd3 Bh5 8. Bb2 Bg6 9. Nf3 Nbd7 10. O-O Bb4 11. Ne2 Bd6 12. Nc3 Bh5 13. Nd2 Qb8 14. h3 Bg6 15. e4 dxe4 16. Ndxe4 Be7 17. Rfe1 O-O 18. Rad1 Re8 19. a3 Nxe4 20. Nxe4 Nf6 21. Ng5 Qf4 22. Bc1 Bxd3 23. Rxd3 Qf5 24. Qe2 Rad8 25. Nf3 Nd7 26. Re3 h6 27. Bb2 Bf6 28. Re4 g5 29. g4 Qg6 30. Re3 Qg7 31. Bc1 Rf8 32. Re4 b5 33. Kg2 Qg6 34. Bb2 Qg7 35. Bc1 Rb8 36. c5 Rbd8 37. Qc2 Rfe8 38. R4e2 Nf8 39. Re4 Ng6 40. Be3 Ne7 41. Kh1 Qg6 42. Qb1 Nd5 43. Bd2 Bg7 44. Qd1 f5 45. R4e2 fxg4 46. hxg4 Qf7 47. Kg2 Rf8 48. Re4 Rde8 49. Qe2 Nc7 50. Ba5 e5 51. Bxc7 Qxc7 52. Nxe5 Qc8 53. Nd3 Rd8 54. Qe3 Qd7 55. Ne5 Qd5 56. f3 Rfe8 57. Re2 a5 58. Nxc6 Re6 59. Rxe6 Qxb3 60. Nxd8 Qxe3 1-0


[Site "https://www.chess.com"]

[Event "Titled Tuesday Blitz November 9 2021"]
[White "Weetik, Vjacheslav"]
[Black "Suarez Garcia, Carlos"]
[WhiteFideId "4153472"]
[BlackFideId "22230858"]
[WhiteElo "2469"]
[BlackElo "2487"]
[Result "1-0"]
[Round "10"]
[TimeControl "180+1"]
[Date "2021.11.09"]
[WhiteClock "0:00:09"]
[BlackClock "0:00:10"]

1. d4 d5 2. Bf4 e6 3. e3 Nf6 4. Nd2 c5 5. c3 Bd6 6. Bxd6 Qxd6 7. Bd3 Nc6 8. f4 cxd4 9. cxd4 O-O 10. Ngf3 b6 11. Ne5 Bb7 12. O-O Rac8 13. a3 g6 14. Qe1 Nd7 15. Qh4 f6 16. Ng4 f5 17. Ne5 Ndxe5 18. fxe5 Qe7 19. Qg3 Rc7 20. h4 Kg7 21. Nf3 h6 22. Rf2 Na5 23. Qf4 Kh7 24. Kh2 Qd8 25. g4 Rg7 26. Rg1 Rfg8 27. Rfg2 Qf8 28. h5 g5 29. gxf5 exf5 30. Qxf5+ Kh8 31. e6 Nc6 32. Ne5 Nxe5 33. Qxe5 Qf3 34. Bg6 Bc8 35. Rg3 Qf8 36. Bf7 Kh7 37. Qxd5 Qe7 38. Qf5+ Kh8 39. d5 Qc7 40. Qf6 Kh7 41. Bxg8+ Kxg8 42. Rf1 Qc2+ 43. Rf2 Qe4 44. Qd8+ Kh7 45. Qxc8 Qh4+ 46. Kg2 Qe4+ 47. Kg1 Qb1+ 48. Kh2 Qe4 49. Qc2 1-0


[Site "https://www.chess.com"]

[Event "Titled Tuesday Blitz November 9 2021"]
[White "Yeletsky, Ivan"]
[Black "Costachi, Mihnea"]
[WhiteFideId "24180327"]
[BlackFideId "1217518"]
[WhiteElo "2352"]
[BlackElo "2482"]
[Result "0-1"]
[Round "10"]
[TimeControl "180+1"]
[Date "2021.11.09"]
[WhiteClock "0:01:40"]
[BlackClock "0:01:13"]

1. e4 e5 2. Nf3 Nc6 3. Bb5 a6 4. Ba4 d6 5. O-O Bd7 6. c3 g6 7. d4 Bg7 8. Re1 Nf6 9. h3 O-O 10. Nbd2 Re8 11. Bb3 h6 12. a3 Qe7 13. Nf1 exd4 14. cxd4 Na5 15. Bc2 c5 16. dxc5 dxc5 17. e5 Nh7 18. Ne3 Be6 19. Nd5 Qd7 20. Nb6 Qxd1 21. Rxd1 Rad8 22. Be3 c4 23. Bc5 Ng5 24. Nxg5 hxg5 25. Ba4 Nc6 26. Bxc6 bxc6 27. Rxd8 Rxd8 28. Bd6 f6 29. Be7 Rb8 30. exf6 Rxb6 31. fxg7 Kxg7 32. Bc5 Rb5 33. Bd4+ Kf7 34. Re1 g4 35. h4 Rd5 36. Bc3 Rd3 37. Re4 Rd1+ 38. Kh2 Rd3 39. Rf4+ Ke7 40. Bb4+ Kd7 41. Rf8 Bf5 42. Rf7+ Ke6 43. Rf6+ Kxf6 0-1


[Site "https://www.chess.com"]

[Event "Titled Tuesday Blitz November 9 2021"]
[White "Zierk, Steven"]
[Black "Grischuk, Alexander"]
[WhiteFideId "2034255"]
[BlackFideId "4126025"]
[WhiteElo "2494"]
[BlackElo "2757"]
[Result "0-1"]
[Round "10"]
[TimeControl "180+1"]
[Date "2021.11.09"]
[WhiteClock "0:00:09"]
[BlackClock "0:00:38"]

1. e4 c6 2. d4 d5 3. exd5 cxd5 4. Bd3 Nf6 5. c3 Bg4 6. Qb3 Qc7 7. h3 Bh5 8. Ne2 Nc6 9. Bf4 Qd7 10. Nd2 e6 11. O-O Bd6 12. Bxd6 Qxd6 13. Qxb7 Rb8 14. Qa6 Rxb2 15. Nb3 O-O 16. Ng3 Rb8 17. Nxh5 Nxh5 18. Rfb1 Rxb1+ 19. Rxb1 g6 20. Nc5 Rxb1+ 21. Bxb1 Qc7 22. Bd3 Nf6 23. Bb5 Ne7 24. g3 Nf5 25. Kg2 Nd6 26. a4 Nfe4 27. Nxe4 Nxe4 28. c4 dxc4 29. Bxc4 Kg7 30. Qb5 Nd6 31. Qe5+ f6 32. Qxe6 Nxc4 33. h4 Nd6 34. h5 gxh5 35. d5 Nf7 36. Qe3 a5 37. Qd2 Qc5 38. Qd1 Qb4 39. Qc2 h4 40. gxh4 Qxh4 41. Qc6 Qg4+ 42. Kf1 Qb4 43. Qc2 0-1


[Site "https://www.chess.com"]

[Event "Titled Tuesday Blitz November 9 2021"]
[White "Aditya Mittal"]
[Black "Zierk, Steven"]
[WhiteFideId "35042025"]
[BlackFideId "2034255"]
[WhiteElo "2245"]
[BlackElo "2494"]
[Result "0-1"]
[Round "11"]
[TimeControl "180+1"]
[Date "2021.11.09"]
[WhiteClock "0:00:04"]
[BlackClock "0:00:10"]

1. d4 d5 2. c4 dxc4 3. Nf3 Nf6 4. e3 e6 5. Bxc4 c5 6. O-O Nc6 7. Nc3 a6 8. a4 Be7 9. Qe2 O-O 10. Rd1 Qc7 11. d5 exd5 12. Nxd5 Nxd5 13. Bxd5 Bf6 14. h3 Nb4 15. e4 Nxd5 16. exd5 Bf5 17. d6 Qc6 18. Bf4 Rfe8 19. Qd2 Bxh3 20. d7 Red8 21. gxh3 Qxf3 22. Bc7 Bd4 23. Ra3 Bxf2+ 24. Kh2 Qh5 25. Rf1 Bd4 26. Bxd8 Rxd8 27. Re1 Be5+ 28. Kh1 f6 29. Rae3 Qf7 30. Rd3 Bd4 31. Qe2 Qxd7 32. Qe6+ Kf8 33. Qxd7 Rxd7 34. Re6 Rc7 35. Rb3 c4 36. Rb4 b6 37. Re4 a5 38. Rb5 Be5 39. Kg2 Rc6 40. Kf3 Kf7 41. Ke2 h5 42. Kd2 g5 43. Rd5 Bxb2 44. Kc2 Be5 45. Re3 Ke6 46. Rd1 Kf5 47. Rf1+ Bf4 48. Re8 Rc5 49. Kc3 b5 50. axb5 Rxb5 51. Kxc4 Rb4+ 52. Kc5 g4 53. hxg4+ hxg4 54. Ra8 Ra4 55. Kb5 Ra2 56. Kc4 g3 57. Rg8 Rf2 58. Rg1 Be5 59. Kd3 a4 60. Ke3 a3 61. Ra8 a2 62. Ra5 Kg4 63. Rc1 Bf4+ 64. Ke4 Bxc1 65. Ra3 f5+ 66. Kd5 Bxa3 67. Ke6 a1=Q 68. Kf7 Qd4 69. Kg6 Qd6+ 70. Kh7 Rc2 71. Kg8 Rc8+ 72. Kh7 Rc7+ 73. Kg8 Qd8# 0-1


[Site "https://www.chess.com"]

[Event "Titled Tuesday Blitz November 9 2021"]
[White "Andreikin, Dmitry"]
[Black "Vasquez Schroeder, Rodrigo"]
[WhiteFideId "4158814"]
[BlackFideId "3400042"]
[WhiteElo "2736"]
[BlackElo "2568"]
[Result "0-1"]
[Round "11"]
[TimeControl "180+1"]
[Date "2021.11.09"]
[WhiteClock "0:00:07"]
[BlackClock "0:00:08"]

1. e4 e5 2. Nf3 Nc6 3. Nc3 Nf6 4. d4 exd4 5. Nxd4 Nxe4 6. Nxe4 Qe7 7. Bd3 Nxd4 8. O-O Qd8 9. Bg5 Be7 10. Qh5 Ne6 11. f4 d5 12. Ng3 Bxg5 13. fxg5 g6 14. Qf3 O-O 15. h4 Nc5 16. Nh5 gxh5 17. Bxh7+ Kxh7 18. Qxh5+ Kg8 19. Rf6 Qe7 20. Raf1 Qe3+ 21. Kh1 Bg4 22. Qxg4 Ne4 23. R1f3 Qc1+ 24. Kh2 Qxb2 25. R3f5 Rae8 26. Qh5 Re6 27. Qg6+ fxg6 28. Rxf8+ Kh7 29. R5f7+ Qg7 30. Rxg7+ Kxg7 31. Rb8 Nd6 32. Rd8 Re7 33. g4 a6 34. Kg3 Ne4+ 35. Kf4 c6 36. Rb8 Rf7+ 37. Ke5 Nc5 38. h5 Nd7+ 39. Ke6 Nxb8 40. h6+ Kg8 0-1


[Site "https://www.chess.com"]

[Event "Titled Tuesday Blitz November 9 2021"]
[White "Csonka, Balazs"]
[Black "Gubajdullin, Alexei"]
[WhiteFideId "742910"]
[BlackFideId "4141202"]
[WhiteElo "2404"]
[BlackElo "2268"]
[Result "0-1"]
[Round "11"]
[TimeControl "180+1"]
[Date "2021.11.09"]
[WhiteClock "0:00:03"]
[BlackClock "0:01:29"]

1. d4 Nf6 2. c4 g6 3. Nc3 Bg7 4. e4 d6 5. Be2 O-O 6. Nf3 Na6 7. O-O e5 8. Be3 c6 9. d5 Ng4 10. Bg5 f6 11. Bh4 c5 12. Ne1 h5 13. a3 Nc7 14. b4 b6 15. Nc2 Bd7 16. f3 Nh6 17. a4 a5 18. bxc5 bxc5 19. Nb5 Nf7 20. Ra3 Na6 21. Na1 Nb4 22. Rc3 Bh6 23. Nb3 Bg5 24. Bf2 Kg7 25. Qb1 h4 26. h3 Rc8 27. Na7 Rc7 28. Nb5 Rc8 29. Na7 Ra8 30. Nb5 Rh8 31. Rd1 Bf4 32. Nxc5 dxc5 33. Bxc5 Ng5 34. Bf2 Bxh3 35. gxh3 Nxh3+ 36. Kg2 Nxf2 37. Kxf2 h3 38. d6 f5 39. Rh1 Qh4+ 40. Kf1 Qg3 41. Rg1 Qh4 42. exf5 h2 43. Rh1 Bg3 44. Bd3 Qh3+ 45. Ke2 Qg2+ 46. Ke3 Bf4+ 47. Ke4 gxf5+ 48. Kxf5 Qg6# 0-1


[Site "https://www.chess.com"]

[Event "Titled Tuesday Blitz November 9 2021"]
[White "Dzhumagaliev, Yan"]
[Black "Polivanov, Anatoliy"]
[WhiteFideId "24100110"]
[BlackFideId "14109468"]
[WhiteElo "2507"]
[BlackElo "2472"]
[Result "0-1"]
[Round "11"]
[TimeControl "180+1"]
[Date "2021.11.09"]
[WhiteClock "0:00:13"]
[BlackClock "0:00:16"]

1. Nf3 d5 2. h4 Nc6 3. h5 e5 4. d4 e4 5. Ne5 Nxe5 6. dxe5 Bc5 7. Bf4 e3 8. fxe3 Bf5 9. Nd2 Qd7 10. Nb3 Bb6 11. a4 a5 12. Nd4 Be4 13. Rh4 Ne7 14. g4 h6 15. Bh3 g5 16. hxg6 Nxg6 17. Rh5 Qe7 18. c3 O-O-O 19. g5+ Kb8 20. gxh6 Rdg8 21. Bh2 Nh4 22. Qb3 Bg6 23. e6 Bxd4 24. Rxd5 Bxe3 25. Rd7 Nf3+ 26. Kd1 fxe6 27. Bxc7+ Ka8 28. Rxe7 Rd8+ 29. Bxd8 Rxd8+ 0-1


[Site "https://www.chess.com"]

[Event "Titled Tuesday Blitz November 9 2021"]
[White "Erdogmus, Yagiz Kaan"]
[Black "Dev, Shah"]
[WhiteFideId "44599790"]
[BlackFideId "35019058"]
[WhiteElo "1783"]
[BlackElo "2098"]
[Result "1-0"]
[Round "11"]
[TimeControl "180+1"]
[Date "2021.11.09"]
[WhiteClock "0:00:22"]
[BlackClock "0:00:44"]

1. e4 e5 2. Nf3 Nc6 3. Nc3 Nf6 4. a3 Bc5 5. Nxe5 Nxe5 6. d4 Bd6 7. f4 Nc6 8. e5 Be7 9. d5 Nxd5 10. Nxd5 d6 11. Bb5 O-O 12. O-O dxe5 13. Nxe7+ Qxe7 14. Bxc6 bxc6 15. Re1 e4 16. Be3 Rd8 17. Qe2 Qf6 18. Rad1 Be6 19. c3 Qg6 20. Qf2 a6 21. Bd4 Rd5 22. Re3 c5 23. Rg3 Qh5 24. Rxg7+ Kf8 25. g4 Bxg4 26. Qg2 Bxd1 27. Rg8+ Ke7 28. Qxe4+ Kd7 29. Rxa8 cxd4 30. Qe8+ Kd6 31. Rxa6+ Kc5 32. Qc6# 1-0


[Site "https://www.chess.com"]

[Event "Titled Tuesday Blitz November 9 2021"]
[White "Gabrielian, Artur"]
[Black "Tillyaev, Ulugbek"]
[WhiteFideId "4131002"]
[BlackFideId "14202441"]
[WhiteElo "2440"]
[BlackElo "2341"]
[Result "0-1"]
[Round "11"]
[TimeControl "180+1"]
[Date "2021.11.09"]
[WhiteClock "0:00:05"]
[BlackClock "0:01:03"]

1. d4 Nf6 2. c4 e6 3. Nc3 d5 4. cxd5 exd5 5. Bg5 c6 6. e3 Bd6 7. Bd3 O-O 8. Nge2 h6 9. Bh4 Re8 10. Qc2 a5 11. Bg3 Na6 12. a3 Nc7 13. O-O Ne6 14. Rae1 Bxg3 15. Nxg3 c5 16. dxc5 Nxc5 17. Rd1 Qb6 18. Bf5 Be6 19. Rd4 Rac8 20. Bxe6 Nxe6 21. Rd2 d4 22. exd4 Nxd4 23. Qa4 Nb3 24. Rdd1 Nc5 25. Qc2 Nce4 26. Ngxe4 Nxe4 27. Rfe1 Nxc3 28. Rxe8+ Rxe8 29. bxc3 Qc5 30. a4 Rc8 31. g3 g6 32. Qe4 Qc6 33. Qf4 Qxc3 34. Qxh6 Qc2 35. Ra1 Rd8 36. Qf4 Rd1+ 37. Rxd1 Qxd1+ 38. Kg2 Qd5+ 39. f3 Kg7 40. g4 b5 41. axb5 Qxb5 42. Qd4+ Kg8 43. h4 a4 44. Qd8+ Kg7 45. Qd4+ Kh7 46. Qf6 Qe2+ 47. Kh3 Qe6 48. Qc3 Qb3 49. Qf6 Qe6 50. Qc3 Qe7 51. h5 gxh5 52. gxh5 a3 53. Qd3+ Kh8 54. Qd4+ Kg8 55. Qg4+ Kh8 56. Qd4+ f6 57. Qc4 Qd7+ 58. Kh4 Qg7 59. Qc8+ Qg8 60. Qa6 Qg5+ 61. Kh3 Qxh5+ 62. Kg2 Qg5+ 63. Kf2 Qd2+ 64. Kg3 Qe1+ 65. Kg4 Qb4+ 66. Kh5 Qc5+ 67. Kg6 Qg5+ 68. Kf7 Qd5+ 69. Kg6 Qg5+ 70. Kf7 Qh5+ 71. Kf8 Qxf3 72. Qa7 Qg3 0-1


[Site "https://www.chess.com"]

[Event "Titled Tuesday Blitz November 9 2021"]
[White "Grachev, Boris"]
[Black "Leitao, Rafael"]
[WhiteFideId "4129199"]
[BlackFideId "2101246"]
[WhiteElo "2555"]
[BlackElo "2609"]
[Result "0-1"]
[Round "11"]
[TimeControl "180+1"]
[Date "2021.11.09"]
[WhiteClock "0:00:03"]
[BlackClock "0:00:10"]

1. b3 Nf6 2. Bb2 g6 3. g4 h6 4. h4 Bg7 5. Bg2 d5 6. g5 Nh5 7. Bxg7 Nxg7 8. d4 c6 9. Qd2 Nf5 10. Nf3 hxg5 11. hxg5 Rxh1+ 12. Bxh1 Qd6 13. Nc3 Be6 14. O-O-O Nd7 15. Kb2 Nb6 16. e4 Qb4 17. Ka1 dxe4 18. Nxe4 Qxd2 19. Nexd2 O-O-O 20. c3 Nd5 21. Kb2 Nf4 22. Ne5 f6 23. gxf6 exf6 24. Ng4 Nxd4 25. Nxf6 Nd3+ 26. Kb1 Nxf2 27. Rf1 Nxh1 28. Rxh1 Bf5+ 29. Kb2 Ne6 30. Nde4 Nf4 31. Rh7 Nd5 32. Nxd5 Rxd5 33. Ng5 Rd2+ 34. Ka3 a5 35. b4 axb4+ 36. Kxb4 Rxa2 37. Nf7 Rb2+ 38. Ka3 Rb1 39. Nd6+ Kb8 40. Ka2 Rd1 41. Nxb7 Rd7 42. Rxd7 Bxd7 43. Nc5 Bf5 44. Kb2 Kc7 45. Kc1 Kd6 46. Nb7+ Kd5 47. Kd2 g5 48. c4+ Kd4 49. c5 g4 50. Ke2 Be4 51. Kf2 Bf3 52. Kg3 Ke4 53. Nd6+ Kd5 54. Nb7 Be2 55. Kf4 Ba6 56. Na5 Bc8 57. Nb3 Kc4 58. Nd2+ Kxc5 59. Ne4+ Kd4 60. Nd6 Bd7 61. Nf7 c5 62. Ne5 Be6 63. Nc6+ Kc3 64. Ke3 c4 65. Nd4 Bd7 66. Ne2+ Kb3 67. Kd4 Bc6 0-1


[Site "https://www.chess.com"]

[Event "Titled Tuesday Blitz November 9 2021"]
[White "Grischuk, Alexander"]
[Black "Nakamura, Hikaru"]
[WhiteFideId "4126025"]
[BlackFideId "2016192"]
[WhiteElo "2757"]
[BlackElo "2884"]
[Result "1-0"]
[Round "11"]
[TimeControl "180+1"]
[Date "2021.11.09"]
[WhiteClock "0:00:19"]
[BlackClock "0:00:16"]

1. e4 e5 2. Nf3 Nc6 3. Bb5 Nf6 4. O-O Nxe4 5. d4 Nd6 6. Bxc6 dxc6 7. dxe5 Nf5 8. Qxd8+ Kxd8 9. Nc3 Bd7 10. h3 h6 11. b3 a5 12. a4 Be7 13. Bb2 b6 14. Rad1 Kc8 15. g4 Nh4 16. Nxh4 Bxh4 17. f4 h5 18. f5 hxg4 19. hxg4 Re8 20. Ne4 c5 21. Kg2 Bc6 22. Kf3 c4 23. Kf4 Kb7 24. Ng5 cxb3 25. cxb3 Bxg5+ 26. Kxg5 Rad8 27. Rxd8 Rxd8 28. e6 fxe6 29. fxe6 Rd3 30. Bxg7 Rxb3 31. Be5 Re3 32. Kf6 Bxa4 33. g5 Be8 34. Rf5 Rh3 35. g6 Rh6 36. Rg5 a4 37. Kg7 Rh1 38. Kf8 1-0


[Site "https://www.chess.com"]